 Dungeon Crawl Stone Soup version 0.23-a0-389-g4a5eb33 (webtiles) character file.

289 Jeffwins the Digger (level 6, -3/52 HPs)
             Began as a Deep Dwarf Earth Elementalist on Oct 29, 2018.
             Slain by a scorpion (5 damage)
             ... on level 5 of the Dungeon.
             The game lasted 00:08:35 (3768 turns).

Jeffwins the Digger (Deep Dwarf Earth Elementalist) Turns: 3768, Time: 00:08:36

Health: -3/52      AC:  8    Str:  9    XL:     6   Next: 9%
Magic:  0/9        EV: 13    Int: 17    God:
Gold:   109        SH:  0    Dex: 13    Spells: 1/10 levels left

rFire    . . .     SeeInvis .   g - +0 whip
rCold    . . .     Gourm    .   (no shield)
rNeg     . . .     Faith    .   x - +0 robe (curse)
rPois    .         Spirit   .   p - +0 helmet
rElec    .         Reflect  .   (no cloak)
rCorr    .         Harm     .   (no gloves)
MR       .....                  t - +2 pair of boots
Stlth    ++........             (no amulet)
HPRegen  0.00/turn              O - +2 ring of protection
MPRegen  0.11/turn              c - -3 ring of strength (curse)

@: lethally poisoned (-3 -> -3), flying, non-regenerating
A: damage resistance, heal wounds, sense surroundings 1, no regeneration
a: Heal Wounds


You were on level 5 of the Dungeon.
You were hungry.

You visited 1 branch of the dungeon, and saw 5 of its levels.

You collected 109 gold pieces.


Innate Abilities, Weirdness & Mutations

You are resistant to damage.
You can heal yourself by infusing magical energy.
You passively map a small area around you.
You do not regenerate.


   Skills:
 + Level 2.0 Fighting
 + Level 3.2 Dodging
 + Level 3.9 Stealth
 + Level 2.5 Spellcasting
 + Level 1.4 Conjurations
   Level 0.8 Transmutations
 * Level 5.9 Earth Magic


You had one spell level left.
You knew the following spells:

 Your Spells              Type           Power        Failure   Level  Hunger
l - Lee's Rapid Deconstr  Erth           ###.......   41%         5    ######.
w - Stone Arrow           Conj/Erth      ##....       12%         3    ###....
z - Sandblast             Erth           ###...       1%          1    #......

Your spell library contained the following spells:

 Spells                   Type           Power        Failure   Level  Hunger
 Confusing Touch          Hex            #.....       19%         1    #......
 Passwall                 Tmut/Erth      ##......     7%          2    ##.....
 Petrify                  Tmut/Erth      ##......     41%         4    #####..
 Confuse                  Hex            #.......     50%         3    ###....
 Gell's Gravitas          Tloc           #.........   50%         3    ###....
 Metabolic Englaciation   Hex/Ice        #.........   99%         5    ######.
 Yara's Violent Unravell  Hex/Tmut       #.........   99%         5    ######.

Inventory:

Hand Weapons
 b - a +0 hunting sling
 g - a +0 whip (weapon)
 s - a +4 blowgun {@w1}
Missiles
 a - 22 bolts
 i - 77 sling bullets
 k - 6 javelins
 q - 14 poisoned needles
 u - 37 stones (quivered)
 A - 16 arrows
Armour
 p - a +0 helmet (worn)
 t - a +2 pair of boots (worn)
 x - a cursed +0 robe (worn)
 y - a +0 leather armour
Jewellery
 c - a cursed -3 ring of strength (right hand)
 F - an uncursed ring of protection from fire
 O - a +2 ring of protection (left hand)
Scrolls
 d - 4 scrolls of remove curse {unknown}
 f - 3 scrolls of enchant weapon {unknown}
 h - a scroll of teleportation {unknown}
 j - 3 scrolls of identify {unknown}
 n - a scroll of magic mapping {unknown}
 o - 2 scrolls of amnesia {unknown}
Potions
 l - 2 potions of curing {unknown}
 m - a potion of flight
 r - 2 potions of heal wounds {unknown}
 w - a potion of brilliance {unknown}
 z - a potion of mutation {unknown}
Comestibles
 e - 4 rations {@e1}
 v - 2 chunks of flesh

Dungeon Overview and Level Annotations

Branches:
Dungeon (5/15)
 Temple: D:4-7

Altars:

Shops:
D:4

} , * *
* * *, ,
* * * *
, * , ,*
,#####.#
#@s...#
,#######
* * ,
********


You could see a scorpion.


Message History

You hit the scorpion but do no damage.
The scorpion is almost dead.
The scorpion misses you.
You closely miss the scorpion.
The scorpion is almost dead.
The scorpion misses you. The scorpion stings you.
You barely miss the scorpion.
The scorpion is almost dead.
The scorpion closely misses you.
You hit the scorpion but do no damage.
The scorpion is almost dead.
The scorpion stings you but does no damage.
You closely miss the scorpion.
The scorpion is almost dead.
The scorpion completely misses you.
You hit the scorpion but do no damage.
The scorpion is almost dead.
The scorpion stings you but does no damage.
Casting: Sandblast (safe; 1% risk of failure)
Confirm with . or Enter, or press ? or * to list all spells.
Aiming: Sandblast (safe; 1% risk of failure)
Press: ? - help, Shift-Dir - straight line, f/p - scorpion
Aim: a scorpion (almost dead)
The blast of sand misses the scorpion.
u - 37 stones The scorpion stings you.
It was a potion of flight.
You feel very buoyant.
You fly up into the air.
The scorpion stings you.
You die...

Skill      XL: |  1  2  3  4  5 |
---------------+----------------+-----
Spellcasting   | 2 |  2.5
Fighting       | 1 2 |  2.0
Stealth        | 3 |  3.9
Earth Magic    | 5 |  5.9
Conjurations   | 1 |  1.4
Dodging        | 3 |  3.2
Transmutations | |  0.8

Action                   |  1- 3 |  4- 6 || total
-------------------------+-------+-------++-------
Melee: Whip              |    37 |    45 ||    82
Throw: Javelin           |       |     1 ||     1
 Cast: Sandblast         |    36 |    13 ||    49
       Stone Arrow       |     6 |    28 ||    34
  Use: Potion            |       |     1 ||     1
  Eat: Chunk             |     4 |     6 ||    10
       Ration            |       |     1 ||     1
Armor: Robe              |     6 |    21 ||    27
Dodge: Dodged            |    36 |    44 ||    80

Vault maps used:
D:1:      shiori_arrival_elements, serial_curves, eino_curves_02,
          eino_curves_02, eino_curves_03, minmay_lizard_pond
D:2:      uniq_robin
D:3:      first_ration, hangedman_decor_growths
D:4:      serial_shops, shop

Notes
Turn   | Place    | Note
-------+----------+-------------------------------------------
     0 | D:1      | Jeffwins the Deep Dwarf Earth Elementalist began the quest
                  | for the Orb.
     0 | D:1      | Reached XP level 1. HP: 15/15 MP: 3/3
   180 | D:1      | Reached XP level 2. HP: 22/24 MP: 1/4
   960 | D:2      | Reached skill level 2 in Spellcasting
  1004 | D:2      | Reached skill level 1 in Fighting
  1004 | D:2      | Reached XP level 3. HP: 27/31 MP: 3/6
  1009 | D:2      | Learned a level 3 spell: Stone Arrow
  1333 | D:2      | Noticed Robin
  1339 | D:2      | Reached skill level 3 in Stealth
  1612 | D:2      | Killed Robin
  1612 | D:2      | Reached XP level 4. HP: 22/38 MP: 0/7
  1828 | D:3      | Reached skill level 5 in Earth Magic
  2625 | D:4      | Found Axzudyepn's Gadget Shoppe.
  2894 | D:4      | Reached skill level 1 in Conjurations
  2894 | D:4      | Reached XP level 5. HP: 9/44 MP: 0/8
  3036 | D:4      | Noticed a phantom
  3054 | D:4      | Killed a phantom
  3054 | D:4      | Reached skill level 3 in Dodging
  3310 | D:4      | Reached skill level 2 in Fighting
  3310 | D:4      | Reached XP level 6. HP: 10/52 MP: 2/9
  3523 | D:4      | Learned a level 5 spell: Lee's Rapid Deconstruction
  3749 | D:5      | Entered Level 5 of the Dungeon
  3760 | D:5      | HP: 2/52 [scorpion (6)]
  3768 | D:5      | Slain by a scorpion

Vanquished Creatures
  A phantom (D:4)
  A scorpion (D:4)
  2 iguanas (D:4)
  Robin (D:2)
  2 adders
  3 worms
  2 dart slugs
  3 orcs
  2 giant cockroaches
  12 goblins
  9 hobgoblins
  A quokka (D:4)
  2 ball pythons
  5 bats
  6 frilled lizards (D:1)
  8 kobolds
  A leopard gecko skeleton (D:4)
  5 rats
66 creatures vanquished.

Table legend:
 A = Turns spent in this place as a percentage of turns spent in the entire game.
 B = Non-inter-level travel turns spent in this place as a percentage of non-inter-level travel turns spent in the entire game.
 C = Inter-level travel turns spent in this place as a percentage of turns spent in this place.
 D = Turns resting spent in this place as a percentage of non-inter-level travel turns spent in this place.
 E = Turns spent auto-exploring this place as a percentage of non-inter-level travel turns spent in this place.
 F = Non-inter-level travel turns spent in this place divided by the number of levels of this place that you've seen.
                   A       B       C       D       E      F
               +-------+-------+-------+-------+-------+----------------------
         Total | 100.0 | 100.0 |   1.8 |  28.2 |  54.8 | 740.4
       Dungeon | 100.0 | 100.0 |   1.8 |  28.2 |  54.8 | 740.4
               +-------+-------+-------+-------+-------+----------------------

Table legend:
 A = Non-vault XP
 B = Vault XP
 C = Vault XP percentage of total XP
 D = Non-vault monster count
 E = Vault monster count
 F = Vault count percentage of total count
                 A         B        C        D         E       F
            +---------+---------+-------+---------+---------+-------
      Total |     373 |      41 |   9.9 |      49 |      17 |  25.8
            +---------+---------+-------+---------+---------+-------
        D:1 |      28 |      11 |  28.2 |      16 |       8 |  33.3
        D:2 |      32 |      30 |  48.4 |      10 |       9 |  47.4
        D:3 |      41 |       0 |   0.0 |      14 |       0 |   0.0
        D:4 |     272 |       0 |   0.0 |       9 |       0 |   0.0
            +---------+---------+-------+---------+---------+-------
